Unix NetHack Version 5.0.0-0 post-release - last build Jun 10 2026 00:39:30 (3ee93aec679c4c4259841fe613dc97188e26a321,branch:main).

Game began 2026-06-10 15:28:32, ended 2026-06-10 16:49:25.

ARFwashere, lawful male dwarven Archeologist

                                        ---- ---
                                 $  *   |..--..|                       ----
         $   $     $                   --......|      ----            --..| 0
                                      --.....---     --..---        * |...| *#
                           )        ---..--.)|     ---.....--   *     |*.-**#*
        $                          --...--|a--     |........--        |.-# ##
                                   |..--- |@-----  |....).)..|    ---##.#0# #*
                                   |.--   |*....----.....)..>------.-##.###**#
               0                   |.|-------f..............#........-#.##*##*
                                   |%--..--|...----)-......--.-----......#####
                                   |......---.-- |....--+.)|..|   --.......###
                                  --.......----  --..--|...|.--    --.|.^....--
                             - ----..---....|     ---- -.....|      --|.......|
                  (          |......-----...|   $     ...--.--  $  ----......-|
                             -----....| |.|.--       -...|---      |..........|
                                 |....---.|..|       .|.--         --.--...|.#-
                                 |.<.*....|..|       ---   $     $  -- |..-###
                                 --0----------             $           ---- ##
        *$                                                                 *0#
                          *  *        $                 $              *  ( 0*

ARFwashere the Field Worker  St:14 Dx:11 Co:16 In:12 Wi:13 Ch:7  Lawful
Dlvl:5  $:296 HP:0(45) Pw:19(19) AC:0  Xp:5 T:4312  Lev

Latest messages:
 You hit the kobold lord.
 You miss the kobold lord.
 The kobold lord swings his sling.
 The kobold lord just misses!
 What do you want to wield? [- amN or ?*] a
 a - an uncursed silver saber (weapon in right hand).
 You have no secondary weapon readied.
 You kill the kobold lord!
 You already found a monster.  Use 'm' prefix to force another search.
 You miss the gecko.
 You miss the gecko.
 You miss the gecko.
 You miss the gecko.
 The gecko misses!
 You miss the gecko.
 You kill the gecko!
 You hit the giant ant!
 The giant ant misses!
 The giant ant bites!
 You miss the giant ant.
 The giant ant bites!
 You miss the giant ant.
 The giant ant bites!
 You miss the giant ant.
 You miss the giant ant.
 The giant ant bites!
 The giant ant misses!
 You miss the giant ant.
 The giant ant misses!
 The giant ant bites!
 You miss the giant ant.
 You hear some noises in the distance.
 The giant ant bites!
 The giant ant bites!
 What do you want to drink? [sY or ?*] ?
 You start to float in the air!
 The giant ant bites!
 You hear crashing rock.
 The giant ant misses!
 The giant ant misses!
 You hear crashing rock.
 You stop.  Your large cat is in the way!
 The giant ant misses!
 The giant ant bites!
 You die...
 Do you want your possessions identified? [ynq] (y) y
 Do you want to see your attributes? [ynq] (y) y
 Do you want an account of creatures vanquished? [ynaq] (y) y
 Do you want to see your conduct and achievements? [ynq] (y) y
 Do you want to see the dungeon overview? [ynq] (y) y

Inventory:
 Coins    ('$')
  $ - 296 gold pieces
 Weapons  (')')
  N - 34 +0 darts (at the ready)
  m - a +2 bullwhip
  a - a +1 silver saber (weapon in right hand)
 Armor    ('[')
  l - an uncursed +3 orcish helm (being worn)
  w - an uncursed burnt +0 pair of leather gloves (being worn)
  q - an uncursed +0 leather cloak (being worn)
  x - an uncursed +0 elven mithril-coat (being worn)
 Comestibles  ('%')
  n - an uncursed food ration
 Scrolls  ('?')
  V - an uncursed scroll of create monster
  E - a cursed scroll of create monster
  B - a blessed scroll of identify
  J - an uncursed scroll of identify
  M - a blessed scroll of light
  r - an uncursed scroll of light
  K - an uncursed scroll of remove curse
 Potions  ('!')
  Y - a cursed potion of blindness
 Wands    ('/')
  o - a wand of digging (0:4)
  H - a wand of magic missile (0:8)
 Tools    ('(')
  i - an uncursed sack containing 1 item
  Q - an uncursed wooden harp
  c - a can of grease (0:6)
  v - an uncursed leash
  e - a magic marker (0:64)
  k - an uncursed mirror
  b - an uncursed oil lamp
  j - an uncursed skeleton key
  y - an uncursed partly used tallow candle
  h - an uncursed tin whistle
  f - a tinning kit (0:90)
  Z - an uncursed towel
 Gems/Stones  ('*')
  g - an uncursed touchstone

Contents of the sack:
  a +0 pick-axe

ARFwashere the Archeologist's attributes:

Background:
 You were a Field Worker, a level 5 male dwarven Archeologist.
 You were lawful, on a mission for Quetzalcoatl
 who was opposed by Camaxtli (neutral) and Huhetotl (chaotic).
 You were right-handed.
 You were in the Gnomish Mines, on level 5.
 You entered the dungeon 4312 turns ago.
 You had 191 experience points, 129 more were needed to attain level 6.

Basics:
 You had 0 out of 45 hit points.
 You had all 19 energy points (spell power).
 Your armor class was 0.
 Your wallet contained 296 zorkmids.
 Autopickup was on for '$' plus thrown.

Final Characteristics:
 Your strength was 14 (limit:18/100).
 Your dexterity was 11 (limit:20).
 Your constitution was 16 (limit:20).
 Your intelligence was 12 (peak:16, limit:16).
 Your wisdom was 13 (peak:14, limit:16).
 Your charisma was 7 (limit:16).

Final Status:
 You were levitating.
 You weren't hungry.
 You were unencumbered.
 You were wielding a saber.
 You had basic skill with saber.

Final Attributes:
 You were piously aligned.
 You had automatic searching.
 You had infravision.
 You were stealthy.
 You were guarded.
 You were fast.
 You were unlucky.
 Quetzalcoatl was angry with you.
 You are dead.

Miscellaneous:
 You encountered 1 bones level.
 Total elapsed playing time was 1 hour, 1 minute and 56 seconds.

Major events:
 Turn
    1: ARFwashere the lawful male dwarven Archeologist entered the dungeon
 1219: entered the Gnomish Mines
 1301: attained the rank of Field Worker (level 3)
 3088: reached Mine Town
 4312: killed by a giant ant

You didn't know any spells.

Skills:
 Fighting Skills
   bare handed combat [Unskilled]
   two weapon combat  [Unskilled]
   riding             [Unskilled]
 Weapon Skills
   dagger             [Unskilled]
   knife              [Unskilled]
   pick-axe           [Basic]
   short sword        [Unskilled]
   saber              [Basic]
   club               [Unskilled]
   quarterstaff       [Unskilled]
   sling              [Unskilled]
   dart               [Unskilled]
   boomerang          [Unskilled]
   whip               [Basic]
   unicorn horn       [Unskilled]
 Spellcasting Skills
   attack spells      [Unskilled]
   healing spells     [Unskilled]
   divination spells  [Unskilled]
   matter spells      [Unskilled]

Voluntary challenges:
 Character rerolling was not enabled.
 You never genocided any monsters.
 You never polymorphed an object.
 You never changed form.
 You used no wishes.
Achievements:
 You entered a shop.
 You entered the Gnomish Mines.
 You attained the rank of Field Worker.
 You entered Minetown.
 You entered a temple.

 The Dungeons of Doom: levels 1 to 4
    Level 1:
    Level 2:
       A weapon shop, a fountain.
    Level 3:
       A general store.
       Stairs down to The Gnomish Mines.
    Level 4:
       A general store, a fountain.
 The Gnomish Mines: levels 4 to 8
    Level 4:
    Level 5: <- You were here.
       Final resting place for
          you, killed by a giant ant.
    Level 6:
    Level 7:
       Many shops, a temple and an altar to Quetzalcoatl, some fountains.
    Level 8:
       Final resting place for
          levoittiel-Rog-Hum-Fem-Cha, killed by an arrow.


Vanquished creatures:
  2 watchmen
  a bugbear
  a mountain nymph
  a shrieker
  3 gnome leaders
  a gnomish wizard
  a gray ooze
  a ghoul
  3 giant ants
  a little dog
  a homunculus
  a kobold leader
  a werejackal
  3 gas spores
  2 hobbits
  5 manes
  4 giant rats
  2 cave spiders
  a yellow mold
  2 red molds
 25 gnomes
  a garter snake
  6 geckos
  9 jackals
  2 kobolds
  2 goblins
  2 sewer rats
  4 grid bugs
  2 lichens
  3 kobold zombies
 10 newts
103 creatures vanquished.

No species were genocided or became extinct.

Game over:
                       ----------
                      /          \
                     /    REST    \
                    /      IN      \
                   /     PEACE      \
                  /                  \
                  |    ARFwashere    |
                  |      296 Au      |
                  |   killed by a    |
                  |    giant ant     |
                  |                  |
                  |                  |
                  |       2026       |
                 *|     *  *  *      | *
        _________)/\\_//(\/(/\)/\//\/|_)_______

Goodbye ARFwashere the Archeologist...

You died in The Gnomish Mines on dungeon level 5 with 1453 points,
and 296 pieces of gold, after 4312 moves.
You were level 5 with a maximum of 45 hit points when you died.

